 Dungeon Crawl Stone Soup version 0.29.0-4-gdea44cf6ec (webtiles) character file.

Game seed: 13741345594900785723

50 qw the Chopper (level 3, -8/21 HPs)
             Began as a Tengu Warper on Aug 28, 2022.
             Mangled by Sigmund
             ... wielding a +0 scythe
              (12 damage)
             ... on level 2 of the Dungeon.
             The game lasted 00:00:08 (1750 turns).

qw the Chopper (Tengu Warper)                       Turns: 1750, Time: 00:00:09

Health: -8/21      AC:  3    Str: 13    XL:     3   Next: 79%
Magic:  7/7        EV: 12    Int: 13    God:
Gold:   99         SH:  0    Dex: 13    Spells: 6/6 levels left

rFire   . . .      SeeInvis .   Y - +0 hand axe
rCold   + . .      Faith    .   (no shield)
rNeg    . . .      Spirit   .   b - +0 leather armour
rPois   .          Reflect  .   (helmet restricted)
rElec   .          Harm     .   (no cloak)
rCorr   .          Rampage  .   (no gloves)
Will    .....                   (boots unavailable)
Stlth   +.........              (no amulet)
HPRegen 0.07/turn               h - ring of protection from cold
MPRegen 0.10/turn               (no ring)

@: about to teleport
A: beak, talons 3
a: no special abilities


You were on level 2 of the Dungeon.
You visited 1 branch of the dungeon, and saw 2 of its levels.

You collected 99 gold pieces.


Innate Abilities, Weirdness & Mutations

You have a beak for a mouth.
You have claws for feet.


   Skills:
 - Level 2.0 Fighting
 + Level 4.4 Axes
 - Level 1.0 Throwing
 - Level 1.1 Armour
 - Level 2.1 Dodging
 - Level 2.0 Spellcasting
 - Level 2.4 Translocations


You had 6 spell levels left.
You didn't know any spells.
Your spell library contained the following spells:

 Spells                   Type           Power      Damage    Failure   Level
 Blink                    Tloc           14%        N/A       19%         2
 Gell's Gravitas          Tloc           7%         N/A       36%         3
 Lesser Beckoning         Tloc           7%         N/A       36%         3
 Teleport Other           Tloc           7%         N/A       36%         3
 Manifold Assault         Tloc           7%         N/A       98%         5

Inventory:

Hand Weapons
 d - a +0 mace
 Y - a +0 hand axe (weapon)
Armour
 b - a +0 leather armour (worn)
 e - a +0 ring mail
Jewellery
 h - a ring of protection from cold (left hand)
Scrolls
 a - 2 scrolls of identify {unknown}
Potions
 c - a potion of heal wounds {unknown}

Dungeon Overview and Level Annotations

Branches:
Dungeon (2/15)

Altars:

Annotations:
D:2 Sigmund


Message History

You hit the worm. Your kick misses the worm.
The worm is heavily wounded.
The worm bites you.
You hit the worm but do no damage.
The worm is heavily wounded.
The worm bites you!
You hit the worm but do no damage. You claw the worm!
The worm is almost dead.
You hit the worm.
You kill the worm!
You start resting.
HP restored.
You now have 90 gold pieces (gained 9).
You now have 99 gold pieces (gained 9).
Found a short sword.
Enter note: Sigmund the Dreaded comes into view.
He is wielding a +0 scythe.
Sigmund shouts!
Sigmund misses you.
You barely miss Sigmund. Sigmund hits you with a +0 scythe.
You hit Sigmund but do no damage. You claw Sigmund.
Sigmund is moderately wounded.
You hit Sigmund. You peck Sigmund, but do no damage.
Sigmund is moderately wounded.
Sigmund completely misses you.
You hit Sigmund but do no damage. You claw Sigmund! Your peck misses Sigmund.
Sigmund is heavily wounded.
Sigmund hits you with a +0 scythe.
You barely miss Sigmund. Your kick misses Sigmund.
You peck Sigmund, but do no damage.
Sigmund is heavily wounded.
Sigmund points at you and mumbles some strange words.
The magic dart hits you.
1750 ||| READING scroll of teleportation.
As you read the scroll of teleportation, it crumbles to dust.
You feel strangely unstable. Sigmund hits you with a +0 scythe!
Ouch! That really hurt!
You die...

.(........###.....#
......##...##.###.#
..................#
.....##..........##
.....#....#..##..#
..........#.###..#
..........#.# #..#
............# #..#
.....#.....## #.@#
.....#..........@)..#
.....#..............#
#######..#..........#
.##..........#
#..........#
#..........#
#..........#


You could see Sigmund.

Vanquished Creatures
  An adder (D:2)
  A worm (D:2)
  5 bats (D:1)
  4 endoplasms
  A giant cockroach (D:1)
  A goblin (D:2)
  5 hobgoblins (D:1)
  3 jackals (D:2)
  A kobold (D:1)
  2 quokkas (D:1)
  5 ball pythons (D:1)
  3 frilled lizards
  2 rats
34 creatures vanquished.

Notes
Turn   | Place    | Note
-------+----------+-------------------------------------------
     0 | D:1      | qw the Tengu Warper began the quest for the Orb.
     0 | D:1      | Reached XP level 1. HP: 12/12 MP: 4/4
     0 | D:1      | 0 ||| qw: Version: 0.1-a-89-g26bdef1
     0 | D:1      | 0 ||| qw: Game counter: 1423
     0 | D:1      | 0 ||| qw: Always use a shield: true
     0 | D:1      | 0 ||| qw: God list: Okawaru
     0 | D:1      | 0 ||| qw: Allow faded altars: false
     0 | D:1      | 0 ||| qw: Do Orc after D:15 true
     0 | D:1      | 0 ||| qw: Do second Lair branch before Depths: true
     0 | D:1      | 0 ||| qw: Lair rune preference: random
     0 | D:1      | 0 ||| qw: Plans: Normal
     0 | D:1      | 0 ||| PLANNING D:1-11
   242 | D:1      | Reached skill level 3 in Axes
   242 | D:1      | Reached XP level 2. HP: 16/17 MP: 6/6
   353 | D:1      | 353 ||| Stepping ~*~*~tactically~*~*~ (stealth).
   370 | D:1      | 370 ||| Stepping ~*~*~tactically~*~*~ (stealth).
   375 | D:1      | 375 ||| Stepping ~*~*~tactically~*~*~ (stealth).
   376 | D:1      | 376 ||| Stepping ~*~*~tactically~*~*~ (stealth).
   377 | D:1      | 377 ||| Stepping ~*~*~tactically~*~*~ (stealth).
   378 | D:1      | 378 ||| Stepping ~*~*~tactically~*~*~ (stealth).
   379 | D:1      | 379 ||| Stepping ~*~*~tactically~*~*~ (stealth).
   386 | D:1      | 386 ||| Stepping ~*~*~tactically~*~*~ (stealth).
   646 | D:1      | Found a faded altar of an unknown god.
   781 | D:1      | 781 ||| Stepping ~*~*~tactically~*~*~ (stealth).
   783 | D:1      | 783 ||| Stepping ~*~*~tactically~*~*~ (stealth).
   908 | D:1      | Reached XP level 3. HP: 20/21 MP: 7/7
  1306 | D:1      | 1306 ||| UPGRADING to ring of protection from cold.
  1307 | D:1      | 1307 ||| READING scroll labelled NYSEUSMASI.
  1308 | D:1      | 1308 ||| READING scroll labelled RUSUETA COSHRIEDOUF.
  1309 | D:1      | 1309 ||| READING 2 scrolls labelled LAUBBE DEUM.
  1314 | D:1      | 1314 ||| DROPPING scroll of blinking.
  1382 | D:2      | 1382 ||| Stepping ~*~*~tactically~*~*~ (stealth).
  1393 | D:2      | Reached skill level 4 in Axes
  1741 | D:2      | Noticed Sigmund
  1749 | D:2      | HP: 4/21 [Sigmund/magic dart (6)]
  1750 | D:2      | 1750 ||| READING scroll of teleportation.
  1750 | D:2      | Mangled by Sigmund

Levels and vault maps discovered:
D:1:      amcnicky_arrival_double_pillar, layout_loops_ring,
          shapermc_ecumenical_altar_mp_highgroup
D:2:      layout_rooms, uniq_sigmund

Skill      XL: |  1  2  3 |
---------------+----------+-----
Axes           | 3 4 |  4.4
Fighting       | |  2.0
Throwing       | |  1.0
Armour         | |  1.1
Dodging        | |  2.1
Spellcasting   | |  2.0
Translocations | |  2.4

Action                   || total
-------------------------++-------
Melee: Hand axe          ||    92
       Kick              ||    20
       Peck              ||    13
       Punch             ||     2
Throw: Boomerang         ||     7
  Use: Scroll            ||     4
Armor: Leather armour    ||    28
Dodge: Dodged            ||    55

Table legend:
 A = Non-vault XP
 B = Vault XP
 C = Vault XP percentage of total XP
 D = Non-vault monster count
 E = Vault monster count
 F = Vault count percentage of total count
                 A         B        C        D         E       F
            +---------+---------+-------+---------+---------+-------
      Total |      72 |       0 |   0.0 |      34 |       0 |   0.0
            +---------+---------+-------+---------+---------+-------
        D:1 |      41 |       0 |   0.0 |      24 |       0 |   0.0
        D:2 |      31 |       0 |   0.0 |      10 |       0 |   0.0
            +---------+---------+-------+---------+---------+-------
